 Dungeon Crawl Stone Soup version 0.31.0-12-g77e489cdc1 (webtiles) character file.

Game seed: 11935941513268255727

9 NotaViper the Cutter (level 2, -1/19 HPs)
             Began as a Kobold Berserker on Feb 27, 2024.
             Was a Follower of Trog.
             Frozen to death by an endoplasm (4 damage)
             ... on level 1 of the Dungeon.
             The game lasted 00:00:44 (105 turns).

NotaViper the Cutter (Kobold Berserker)              Turns: 105, Time: 00:00:45

Health: -1/19      AC:  2    Str: 14    XL:     2   Next: 20%
Magic:  2/2        EV: 15    Int:  8    God:    Trog [*.....]
Gold:   0          SH:  0    Dex: 14    Spells: 1/1 levels left

rFire   . . .        a - +0 short sword
rCold   . . .        (no shield)
rNeg    . . .        b - +0 animal skin
rPois   .            (no helmet)
rElec   .            (no cloak)
rCorr   .            (no gloves)
SInv    .            (no boots)
Will    .....        (no amulet)
Stlth   ++           (no ring)
HPRegen 0.23/turn    (no ring)
MPRegen 0.08/turn

%: no passive effects
@: no status effects
A: small, no large weapons, nightstalker 3
a: Renounce Religion, Berserk


You were on level 1 of the Dungeon.
You worshipped Trog.
Trog was aware of your devotion.
You visited 1 branch of the dungeon, and saw 1 of its levels.

Inventory:

Hand Weapons
 a - a +0 short sword (weapon)
Armour
 b - a +0 animal skin (worn)
Potions
 c - a potion of curing {unknown}


   Skills:
 + Level 3.6 Fighting
 + Level 4.2 Short Blades
 + Level 1.6 Armour
 + Level 2.6 Dodging


You had one spell level left.
You didn't know any spells.
Your spell library was empty.

Dungeon Overview and Level Annotations

Branches:
Dungeon (1/15)

Altars:


Innate Abilities, Weirdness & Mutations

You are small and have problems with some larger weapons.
You are completely attuned to the shadows.


Message History

Trog accepts your kill. The bat barely misses you.
The ball python barely misses you. The ball python constricts you.
You hit the bat.
The bat is moderately wounded.
The bat hits you but does no damage. The bat closely misses you.
The ball python bites you but does no damage.
The ball python constricts you.
You barely miss the bat. Your punch misses the bat.
The bat is moderately wounded.
The bat hits you. The ball python bites you. The ball python constricts you.
You escape the ball python's grasp.
A quokka and an endoplasm come into view.
The bat misses you. x2; The ball python bites you.
The ball python barely misses you.
Things that are here:
a +0 club; a frilled lizard corpse; a ball python corpse You barely miss the bat.
Your punch misses the bat.
The bat is moderately wounded.
The bat hits you.
* * * LOW HITPOINT WARNING * * *
The bat misses you. The ball python closely misses you. x2
The bat barely misses you. The ball python barely misses you.
The ball python closely misses you.
You hit the ball python.
You kill the ball python!
Trog accepts your kill. The bat hits you but does no damage.
The endoplasm freezes you.
You are frozen.
* * * LOW HITPOINT WARNING * * *
You see here a ball python corpse.
The bat hits you but does no damage.
A goblin comes into view. It is wielding a +1 dagger of speed.
You hit the endoplasm but do no damage. You hit the endoplasm.
The endoplasm is severely wounded.
The endoplasm freezes you.
You are frozen.
You die...

#.# #.. ##.##...
.....##..#..?.
.....##..)...#
.....##.†#..[.
.....##..##...
.......rb# #..
.....###J####.
.....###@....
......####.g.
.......####..
###########.......
...#.........##.
...........#....
...........#....
...........##...
##.8.8.8...##.##


You could see an endoplasm, a quokka, a goblin and a bat.

Vanquished Creatures
  A dart slug (D:1)
  3 ball pythons (D:1)
  2 bats (D:1)
  A frilled lizard (D:1)
  A kobold (D:1)
8 creatures vanquished.

Notes
Turn   | Place    | Note
-------+----------+-------------------------------------------
     0 | D:1      | NotaViper the Kobold Berserker began the quest for the Orb.
     0 | D:1      | Reached XP level 1. HP: 14/14 MP: 1/1
    34 | D:1      | Found a faded altar of an unknown god.
    86 | D:1      | Reached XP level 2. HP: 18/19 MP: 2/2
   105 | D:1      | Frozen to death by an endoplasm

Illustrated notes

Levels and vault maps discovered:
D:1:      saegor_arrival_simple_d, layout_rooms,
          shapermc_ecumenical_altar_pompeii, minmay_nonomino_d4

Action                     || total
---------------------------++-------
  Melee: Short sword       ||    36
   Stab: Sleeping          ||     1
 Armour: Animal skin       ||    22
  Dodge: Dodged            ||    45
